 Dungeon Crawl Stone Soup version 0.31-a0-728-g01b46875f1 (webtiles) character file.

Game seed: 13497887726764799540

112 cforsyth the Trooper (level 5, -2/42 HPs)
             Began as a Djinni Chaos Knight on Sept 11, 2023.
             Was a Plaything of Xom.
             Slain by Sigmund
             ... wielding a +1 scythe of venom
              (4 damage)
             ... on level 3 of the Dungeon.
             The game lasted 00:02:54 (2292 turns).

cforsyth the Trooper (Djinni Chaos Knight)          Turns: 2292, Time: 00:02:54

Health: -2/42      AC:  3    Str: 11    XL:     5   Next: 16%
Gold:   143        EV: 11    Int: 15    God:    Xom [..*...] SH:  0 Dex: 13

rFire   + + .        a - +0 falchion (chaos)
rCold   x . .        (no shield)
rNeg    . . .        b - +2 leather armour
rPois   ∞            (no helmet)
rElec   .            (no cloak)
rCorr   .            (no gloves)
SInv    .            (boots unavailable)
Will    .....        (no amulet)
Stlth   +            (no ring)
HPRegen 0.27/turn    (no ring)
MPRegen 0.00/turn

%: random rage (3%), infuse magic (-3 HP)
@: flying, very slightly contaminated, hasted, very quick
A: sickness immunity, fire resistance 2, cold vulnerability 1, float, innate
caster, HP casting, extra vitality 1, berserk 1, deformed body, wild magic 1, no
potion heal 1, inability to drink after injury 1, inability to read after injury
1
a: Renounce Religion


You were on level 3 of the Dungeon.
You worshipped Xom.
You were a toy of Xom.
You visited 1 branch of the dungeon, and saw 3 of its levels.

You collected 143 gold pieces.

Inventory:

Hand Weapons
 a - a +0 falchion of chaos (weapon)
Armour
 b - a +2 leather armour (worn)
Jewellery
 k - an amulet of regeneration
Wands
 g - a wand of quicksilver (2)
Scrolls
 c - 2 scrolls of butterflies
 d - a scroll of enchant armour {unknown}
 e - 2 scrolls of identify {unknown}
 j - a scroll of noise {unknown}
Potions
 f - a potion of curing {unknown}
 h - a potion of lignification {unknown}
 i - 2 potions of berserk rage {unknown}


   Skills:
 + Level 4.3 Fighting
 - Level 2.6 Long Blades
 - Level 1.0 Armour
 - Level 2.1 Dodging
 + Level 2.0 Spellcasting
 + Level 2.0 Conjurations
 + Level 2.0 Hexes
   Level 0.0 Charms
 + Level 2.0 Summonings
 + Level 2.0 Necromancy
 + Level 2.0 Translocations
 + Level 2.0 Transmutations
 + Level 2.0 Fire Magic
 + Level 2.0 Ice Magic
 + Level 2.0 Air Magic
 + Level 2.0 Earth Magic
 + Level 2.0 Poison Magic


You knew the following spells:

 Your Spells              Type           Power      Damage    Failure   Level
a - Shock                 Conj/Air       40%        1d5       17%         1
b - Momentum Strike       Conj/Tloc      20%        3d8       26%         2
Your spell library was empty.

Dungeon Overview and Level Annotations

Branches:
Dungeon (3/15)

Altars:
Ru
Yredelemnul

Annotations:
D:3 1 transporter, Sigmund; bchevrier's ghost, amateur GnWn


Innate Abilities, Weirdness & Mutations

You are immune to sickness and miasma.
You are immune to poison.
Your flesh is very heat resistant. (rF++)
You are vulnerable to cold. (rC-)
You float through the air rather than walking.
You learn spells naturally, not from books.
Your magical power is your life essence.
You have superior vitality. (+4 MHP)
You sometimes lose your temper in combat.
Armour fits poorly on your strangely shaped body.
Your spells are a little harder to cast, but a little more powerful.
Potions are less effective at restoring your health.
You occasionally lose the ability to drink potions when taking damage.
You occasionally lose the ability to read scrolls when taking damage.


Message History

The zap hits Sigmund.
Sigmund is moderately wounded.
Xom smiles on you.
You feel yourself speed up.
You miscast Shock.
You are very lightly contaminated with residual magic.
Nothing appears to happen.
Sigmund mumbles some strange words.
Sigmund flickers and vanishes!
Deactivating autopickup; reactivate with Ctrl-A.
You can't see any susceptible monsters within range! (Use Z to cast anyway.)
You can't see any susceptible monsters within range! (Use Z to cast anyway.)
Casting: Shock (safe; 17% risk of failure)
Confirm with . or Enter, or press ? or * to list all spells.
Aiming: Shock (safe; 17% risk of failure)
Press: ? - help, Shift-Dir - straight line You miscast Shock.
Nothing appears to happen.
Casting: Shock (safe; 17% risk of failure)
Confirm with . or Enter, or press ? or * to list all spells.
Aiming: Shock (safe; 17% risk of failure)
Press: ? - help, Shift-Dir - straight line You miscast Shock.
Nothing appears to happen.
Casting: Shock (safe; 17% risk of failure)
Confirm with . or Enter, or press ? or * to list all spells.
Aiming: Shock (safe; 17% risk of failure)
Press: ? - help, Shift-Dir - straight line The zap hits something.
You hear some strange, mumbled words.
Something tries to affect you, but you resist.
Something hits you.
Found a stone staircase leading down.
You miss something. Something hits you.
You closely miss something. You slash something! Something hits you.
You hit something.
Nothing appears to happen.
You punch something. You barely miss something. Something hits you!!
* * * LOW HITPOINT WARNING * * *
You miss something. You completely miss something. Something hits you.
You die...

............###... #
............# #.#.#
##.........#####.#.
..................
##.........##.##.#
#.........##.##.# #.
#.........##))..# # #.
#...........)...#.# #$
#..........####@..# ?
##..........# ##{.#
...........## ..#
##.........#######...
#...................#
#########.#########..#
#.........#....
#.........# .>. .
#.........# ..


There were no monsters in sight!

Vanquished Creatures
  An orc wizard (D:3)
  2 adders
  A worm (D:2)
  2 dart slugs
  7 orcs (D:3)
  3 endoplasms
  5 giant cockroaches (D:1)
  4 hobgoblins
  2 jackals (D:1)
  4 quokkas
  7 ball pythons
  2 bats
  6 frilled lizards
  A kobold (D:2)
  8 rats
55 creatures vanquished.

Notes
Turn   | Place    | Note
-------+----------+-------------------------------------------
     0 | D:1      | cforsyth the Djinni Chaos Knight began the quest for the
                  | Orb.
     0 | D:1      | Reached XP level 1. HP: 20/20 MP: 0/0
   129 | D:1      | Reached XP level 2. HP: 25/25 MP: 0/0
   169 | D:1      | XOM: silly message
   179 | D:1      | XOM: silly message
   335 | D:1      | XOM: 1-stop teleportation journey
   344 | D:1      | Reached skill level 1 in Spellcasting
   344 | D:1      | Reached skill level 1 in Conjurations
   344 | D:1      | Reached skill level 1 in Hexes
   344 | D:1      | Reached skill level 1 in Summonings
   344 | D:1      | Reached skill level 1 in Necromancy
   344 | D:1      | Reached skill level 1 in Translocations
   344 | D:1      | Reached skill level 1 in Transmutations
   344 | D:1      | Reached skill level 1 in Fire Magic
   344 | D:1      | Reached skill level 1 in Ice Magic
   344 | D:1      | Reached skill level 1 in Air Magic
   344 | D:1      | Reached skill level 1 in Earth Magic
   344 | D:1      | Reached skill level 1 in Poison Magic
   351 | D:1      | Reached XP level 3. HP: 23/30 MP: 0/0
   351 | D:1      | Learned a level 1 spell: Shock
   468 | D:1      | XOM: smoke on damage
   622 | D:1      | XOM: summons 1 hostile demon
  1163 | D:2      | XOM: give mutations
  1163 | D:2      | Gained mutation: Armour fits poorly on your strangely
                  | shaped body. [Xom's mischief]
  1163 | D:2      | Gained mutation: Your spells are a little harder to cast,
                  | but a little more powerful. [Xom's mischief]
  1163 | D:2      | Gained mutation: You have a pair of small horns on your
                  | head. [Xom's mischief]
  1163 | D:2      | Lost mutation: You have a pair of small horns on your head.
                  | [Xom's mischief]
  1173 | D:2      | Reached XP level 4. HP: 29/37 MP: 0/0
  1353 | D:2      | XOM: give mutations
  1353 | D:2      | Gained mutation: You sometimes lose your temper in combat.
                  | [Xom's mischief]
  1353 | D:2      | Gained mutation: Potions are less effective at restoring
                  | your health. [Xom's mischief]
  1353 | D:2      | Gained mutation: You occasionally lose the ability to drink
                  | potions when taking damage. [Xom's mischief]
  1353 | D:2      | Gained mutation: You occasionally lose the ability to read
                  | scrolls when taking damage. [Xom's mischief]
  1447 | D:3      | XOM: chaos cloud
  1456 | D:3      | Reached skill level 4 in Fighting
  1589 | D:3      | XOM: silly message
  1734 | D:3      | Found a transporter.
  1734 | D:3      | Noticed Sigmund
  1736 | D:3      | Noticed bchevrier's ghost (amateur GnWn)
  1739 | D:3      | XOM: butterfly on damage
  1911 | D:3      | XOM: potion effect (might)
  2109 | D:3      | Found a basalt altar of Yredelemnul.
  2138 | D:3      | Found a sacrificial altar of Ru.
  2183 | D:3      | XOM: potion effect (might)
  2187 | D:3      | Reached XP level 5. HP: 19/42 MP: 0/0
  2187 | D:3      | Learned a level 2 spell: Momentum Strike
  2279 | D:3      | XOM: potion effect (haste)
  2290 | D:3      | HP: 2/42 [something (20)]
  2292 | D:3      | Slain by Sigmund

Illustrated notes

Levels and vault maps discovered:
D:1:      sevenhm_arrival_forest_fort_large_4, layout_basic
D:2:      layout_basic
D:3:      layout_basic, mainiacjoe_overflow_divided_tiny,
          gammafunk_ghost_stat_death, minmay_misc_feat_nine_boxes, uniq_sigmund

Skill      XL: |  1  2  3  4 |
---------------+-------------+-----
Spellcasting   | 1 2 |  2.0
Conjurations   | 1 2 |  2.0
Hexes          | 1 2 |  2.0
Summonings     | 1 2 |  2.0
Necromancy     | 1 2 |  2.0
Translocations | 1 2 |  2.0
Transmutations | 1 2 |  2.0
Fire Magic     | 1 2 |  2.0
Ice Magic      | 1 2 |  2.0
Air Magic      | 1 2 |  2.0
Earth Magic    | 1 2 |  2.0
Poison Magic   | 1 2 |  2.0
Fighting       | 4 |  4.3
Long Blades    | |  2.6
Armour         | |  1.0
Dodging        | |  2.1

Action                     |  1- 3 |  4- 6 || total
---------------------------+-------+-------++-------
  Melee: Falchion          |    70 |    45 ||   115
         Punch             |     1 |     1 ||     2
   Cast: Shock             |    51 |    38 ||    89
   Stab: Sleeping          |     1 |       ||     1
 Armour: Leather armour    |    67 |    47 ||   114
  Dodge: Dodged            |    72 |    28 ||   100

Table legend: (Time is in decaauts)
 A = Elapsed time spent in this place.
 B = Non-inter-level travel time spent in this place.
 C = Inter-level travel time spent in this place.
 D = Time resting spent in this place.
 E = Time spent auto-exploring this place.
 F = Levels seen in this place.
 G = Mean time per level.
                   A        B        C        D        E       F      G
               +--------+--------+--------+--------+--------+-----+--------+
         Total |   2326 |   2291 |     35 |    163 |   1672 |   3 |  775.3 |
       Dungeon |   2326 |   2291 |     35 |    163 |   1672 |   3 |  775.3 |
               +--------+--------+--------+--------+--------+-----+--------+

Top non-repeatable levels by time:
     D:3: 940 daAuts
     D:2: 747 daAuts
     D:1: 639 daAuts
